 Dungeon Crawl Stone Soup version 0.21.1-1-g345015f (webtiles) character file.

659 erloom the Skirmisher (level 7, -12/58 HPs)
             Began as a Demonspawn Fighter on Mar 6, 2018.
             Mangled by an ogre
             ... wielding a +0 giant spiked club
              (14 damage)
             ... on level 4 of the Dungeon.
             The game lasted 00:11:15 (5177 turns).

erloom the Skirmisher (Demonspawn Fighter)          Turns: 5177, Time: 00:11:15

Health: -12/58     AC: 10    Str: 16    XL:     7   Next: 30%
Magic:  7/7        EV:  6    Int: 12    God:
Gold:   211        SH:  8    Dex: 12    Spells: 6/6 levels left

rFire    . . .     SeeInvis .   a - +1 war axe
rCold    . . .     Gourm    .   c - +0 shield
rNeg     + . .     Faith    .   p - +0 chain mail
rPois    .         Spirit   .   (no helmet)
rElec    .         Reflect  .   (no cloak)
rCorr    .         Harm     .   (no gloves)
MR       .....                  h - +0 pair of boots
Stlth    ..........             (no amulet)
HPRegen  0.19/turn              j - ring of positive energy (curse)
MPRegen  0.10/turn              (no ring)

@: no status effects
A: repulsion field 1, nightstalker 2, powered by death 1
a: no special abilities


You were on level 4 of the Dungeon.
You were not hungry.

You visited 1 branch of the dungeon, and saw 4 of its levels.

You collected 211 gold pieces.

Inventory:

Hand Weapons
 a - a +1 war axe (weapon)
 e - a +0 broad axe
Missiles
 r - 2 throwing nets (quivered)
Armour
 b - a +0 scale mail
 c - a +0 shield (worn)
 h - a +0 pair of boots (worn)
 p - a +0 chain mail (worn)
Jewellery
 j - a cursed ring of positive energy (left hand)
 x - an uncursed ring of resist corrosion {unknown}
Scrolls
 i - a scroll of teleportation
 l - 2 scrolls of immolation {unknown}
 s - a scroll of amnesia
 t - a scroll of fog
 u - a scroll of enchant armour
 v - a scroll of remove curse
Potions
 d - 3 potions of might
 g - a potion of berserk rage {unknown}
 k - 2 potions of heal wounds {unknown}
 m - 4 potions of haste {unknown}
 n - a potion of flight {unknown}
 q - a potion of agility {unknown}
 w - 2 potions of curing
 z - a potion of ambrosia {unknown}
Books
 o - a book of Changes

   Spells                             Type                      Level
   a - Beastly Appendage              Transmutation                1
   b - Sticks to Snakes               Transmutation                2
   c - Spider Form                    Transmutation/Poison         3
   d - Ice Form                       Ice/Transmutation            4
   e - Blade Hands                    Transmutation                5
Comestibles
 f - 4 rations


   Skills:
 + Level 6.2 Fighting
 + Level 5.2 Axes
 - Level 3.0 Armour
 - Level 3.0 Shields


You had 6 spell levels left.
You didn't know any spells.

Dungeon Overview and Level Annotations

Branches:
Dungeon (4/15)
 Temple: D:4-7

Altars:
Ashenzari
Elyvilon
Gozag
Ru


Innate Abilities, Weirdness & Mutations

You are surrounded by a mild repulsion field. (EV +2)
You are significantly more attuned to the shadows.
You regenerate a little health from kills.


Message History

The ogre is lightly wounded.
You block the ogre's attack.
You barely miss the ogre.
The ogre is lightly wounded.
You block the ogre's attack.
Your shield and chain mail prevent you from hitting the ogre.
The ogre is lightly wounded.
The ogre hits you with a giant spiked club!
You hit the ogre.
The ogre is lightly wounded.
The ogre hits you with a giant spiked club!!
* * * LOW HITPOINT WARNING * * *
You hit the ogre.
The ogre is moderately wounded.
The ogre hits you with a giant spiked club!
* * * LOW HITPOINT WARNING * * *
You hit the ogre.
The ogre is heavily wounded.
The ogre hits you with a giant spiked club!
You die...

#.# #....... #.##.##..
#######.######.......####.##.##..
.................................
......#.#######.#########.###.#..
#####.#.# #.# #........ #####.#.#
#.# ###..##.##. ......#.# #.#
#.....#.##. #####.#.#
####.#######.#...#.##. #.#.#
#....@....##.#...#.... #.#.#
#.....O...##.#...#.... #.#.#
#................##...
#####.#.####..........#.#.#.##...
....#......#..........#.#.#.###..
....#......#..........#..........
....#......# ..###.#......
....#......# .............
....#......# .####.######.


You could see an ogre.

Vanquished Creatures
  A phantom (D:4)
  2 ogres (D:4)
  A scorpion (D:4)
  A hound (D:4)
  An orc priest (D:4)
  2 orc wizards
  Natasha (thrice) (D:4)
  A gnoll (D:1)
  6 adders
  An ooze (D:3)
  3 worms
  2 dart slugs
  4 leopard geckos
  4 orcs
  3 ball pythons
  12 bats
  4 giant cockroaches
  3 goblins
  7 hobgoblins
  8 jackals
  6 kobolds
  3 quokkas
  14 frilled lizards
  5 rats
97 creatures vanquished.

Notes
Turn   | Place    | Note
-------+----------+-------------------------------------------
     0 | D:1      | erloom the Demonspawn Fighter began the quest for the Orb.
     0 | D:1      | Reached XP level 1. HP: 18/18 MP: 1/1
    56 | D:1      | Gained mutation: You are surrounded by a mild repulsion field. (EV +2) [demonic ancestry]
    56 | D:1      | Reached XP level 2. HP: 8/24 MP: 2/2
   737 | D:1      | Reached XP level 3. HP: 26/29 MP: 3/3
  1349 | D:2      | Gained mutation: You regenerate a little health from kills. [demonic ancestry]
  1349 | D:2      | Reached XP level 4. HP: 22/37 MP: 4/4
  1855 | D:2      | Reached skill level 4 in Fighting
  1887 | D:2      | Found a shattered altar of Ashenzari.
  2200 | D:2      | Found a sacrificial altar of Ru.
  2214 | D:2      | Gained mutation: You are slightly more attuned to the shadows. [demonic ancestry]
  2214 | D:2      | Reached XP level 5. HP: 40/43 MP: 5/5
  2624 | D:3      | Found an opulent altar of Gozag.
  2935 | D:3      | Found a white marble altar of Elyvilon.
  3077 | D:3      | Found a white marble altar of Elyvilon.
  3685 | D:4      | Noticed Natasha
  3692 | D:4      | Killed Natasha
  3692 | D:4      | Reached skill level 5 in Fighting
  3692 | D:4      | Gained mutation: You are significantly more attuned to the shadows. [demonic ancestry]
  3692 | D:4      | Reached XP level 6. HP: 47/51 MP: 6/6
  4021 | D:4      | Noticed Natasha
  4027 | D:4      | Killed Natasha
  4515 | D:4      | Noticed Natasha
  4521 | D:4      | Killed Natasha
  4637 | D:4      | Reached XP level 7. HP: 57/57 MP: 7/7
  4682 | D:4      | Found a shattered altar of Ashenzari.
  4684 | D:4      | Saw a vision of the Shoals and the Spider Nest.
  4684 | D:4      | Noticed a redback
  4684 | D:4      | Noticed a redback
  4684 | D:4      | Noticed a redback
  4684 | D:4      | Noticed a merfolk
  4684 | D:4      | Noticed a merfolk
  4684 | D:4      | Noticed a hippogriff
  4684 | D:4      | Noticed a merfolk
  4684 | D:4      | Noticed a hippogriff
  4685 | D:4      | Noticed a redback
  4685 | D:4      | Noticed a sea snake
  4686 | D:4      | Noticed a sea snake
  4804 | D:4      | Reached skill level 6 in Fighting
  4804 | D:4      | Reached skill level 5 in Axes
  5176 | D:4      | HP: 1/58 [ogre/giant spiked club (8)]
  5177 | D:4      | Mangled by an ogre

Skill      XL: |  1  2  3  4  5  6  7 |
---------------+----------------------+-----
Axes           | 2 3 4 5 |  5.2
Shields        | 3 |  3.0
Armour         | 3 |  3.0
Fighting       | 4 5 6 |  6.2

Action                   |  1- 3 |  4- 6 |  7- 9 || total
-------------------------+-------+-------+-------++-------
Melee: War axe           |   105 |   251 |    69 ||   425
  Use: Potion            |     2 |       |       ||     2
       Scroll            |       |     9 |       ||     9
 Stab: Paralysed         |       |     1 |       ||     1
  Eat: Chunk             |     1 |    10 |     1 ||    12
       Ration            |       |       |     1 ||     1
Armor: Scale mail        |    50 |    60 |       ||   110
       Chain mail        |       |    55 |    23 ||    78
Dodge: Dodged            |    42 |    80 |    11 ||   133
Block: Shield            |    55 |   135 |    15 ||   205
